AoeStats
← Icewind

African Clearing

506940505Analyzed
2v2 RM · 18d ago on Sep 15, 2026· 40m 41s· 4 players
Game mode
Random Map
Map size
Medium (4 player)
Population
200
Speed
Normal
Resources
Standard
Victory
Conquest
Starting age
Dark Age
Ending age
Imperial Age
RankedLock teamsTeams togetherTeam positionsShared explorationLock speedFull tech treeHidden civsTurbo modeCheats
Victory
Defeat
🇨🇴 Huns · Colombia
1176
+12
🇨🇴 Italians · Colombia
1066
+17
🇨🇿 Romans · Czechia
1130
-16
🇨🇿 Ethiopians · Czechia
1051
-13
czechRichie
10:43 Loom
13:00 Feudal Age
16:55 Double-Bit Axe
18:06 Wheelbarrow
23:03 Castle Age
21:20 Horse Collar
23:29 Padded Archer Armor
23:17 Crossbowman
23:49 Fletching
26:32 Bow Saw
29:59 Ballistics
30:03 Bodkin Arrow
36:48 Imperial Age
39:18 Chemistry
Icewind
8:26 Loom
13:18 Feudal Age
13:52 Double-Bit Axe
22:35 Castle Age
22:12 Bloodlines
23:38 Light Cavalry
37:29 Husbandry
40:33 Wheelbarrow
Iardos
5:39 Loom
12:11 Feudal Age
13:10 Double-Bit Axe
13:07 Horse Collar
14:18 Forging
17:49 Bloodlines
22:25 Castle Age
23:14 Wheelbarrow
22:26 Pikeman
23:15 Scale Barding Armor
24:47 Bow Saw
26:18 Marauders
26:58 Hand Cart
29:05 Husbandry
30:28 Iron Casting
33:54 Chain Barding Armor
35:17 Heavy Plow
40:49 Imperial Age
39:47 Gold Mining
Ragnar
6:48 Loom
14:50 Feudal Age
19:21 Castle Age
18:19 Double-Bit Axe
18:27 Stone Mining
19:15 Fletching
19:27 Padded Archer Armor
20:45 Gold Mining
21:56 Bodkin Arrow
25:12 Thumb Ring
28:00 Leather Archer Armor
33:29 Bloodlines
35:23 Husbandry
36:50 Scale Barding Armor
38:12 Ballistics
37:48 Murder Holes
Connection lost

Rejoining the realm…

Still unreachable

The connection could not be restored.

Session expired

The server has moved on; the page needs a fresh start.